 Dungeon Crawl Stone Soup version 0.13-a0-2318-gf5ad1f9 (webtiles) character file.

178 Kae the Firebug (level 4, -4/24 HPs)
             Began as a Tengu Fire Elementalist on July 10, 2013.
             Slain by Terence
             ... wielding a +0,+0 hand axe
              (5 damage)
             ... while paralysed by a potion of paralysis
             ... on Level 3 of the Dungeon.
             The game lasted 00:03:03 (1992 turns).

Kae the Firebug (Tengu Fire Elementalist)           Turns: 1992, Time: 00:03:04

HP  -4/24        AC  2     Str  8      XL: 4   Next: 91%
MP   4/9         EV  2     Int 16      God:
Gold 68          SH  0     Dex 15      Spells:  1 memorised,  6 levels left

Res.Fire  : . . .   See Invis. : .   e - +2,+1 dwarf dagger
Res.Cold  : . . .   Warding    : .   a - +0 robe
Life Prot.: . . .   Conserve   : .   (no shield)
Res.Poison: .       Res.Corr.  : .   (helmet restricted)
Res.Elec. : .       Clarity    : .   (no cloak)
Sust.Abil.: . .     Spirit.Shd : .   (no gloves)
Res.Mut.  : .       Stasis     : .   (boots unavailable)
Res.Rott. : .       Flight     : .   (no amulet)
Saprovore : . . .                    k - ring of regeneration
                                     (no ring)

@: paralysed, about to teleport, slightly resistant to hostile enchantments,
fairly stealthy
A: beak, talons 3
a: no special abilities


You were on level 3 of the Dungeon.
You were not hungry.

You visited 1 branch of the dungeon, and saw 3 of its levels.

You collected 48 gold pieces.

Inventory:

Hand weapons
 e - a +2,+1 dwarven dagger (weapon)
Armour
 a - a +0 robe (worn)
Comestibles
 c - 2 bread rations
 d - an apple
 i - 13 strawberries
 j - 5 chokos
 l - a pear
Scrolls
 f - a scroll of enchant weapon I {unknown}
 m - 2 scrolls of recharging {unknown}
 n - 3 scrolls of remove curse {unknown}
 o - a scroll of enchant weapon II {unknown}
 p - 3 scrolls of identify {unknown}
 r - a scroll of random uselessness {unknown}
 t - a scroll of teleportation
 u - a scroll of fear {unknown}
 v - 2 scrolls of amnesia {unknown}
 w - a scroll of blinking {unknown}
Jewellery
 g - a +5,+6 ring of slaying {unknown}
 k - a ring of regeneration (right hand)
 x - an uncursed amulet of clarity {unknown}
Potions
 h - a potion of might {unknown}
 s - a potion of blood {unknown}
 z - a potion of paralysis
 A - a potion of flight {unknown}
Books
 b - a book of Flames

   Spells                             Type                      Level
   *Flame Tongue                      Conjuration/Fire             1
   Throw Flame                        Conjuration/Fire             2
   Conjure Flame                      Conjuration/Fire             3
   Inner Flame                        Hexes/Fire                   3
   Sticky Flame                       Conjuration/Fire             4
   Fireball                           Conjuration/Fire             5


   Skills:
 - Level 2.1 Dodging
 - Level 2.0 Stealth
 + Level 2.2 Spellcasting
 * Level 3.1 Conjurations
 * Level 4.6 Fire Magic


You had 6 spell levels left.
You knew the following spells:

 Your Spells              Type           Power        Failure   Level  Hunger
a - Flame Tongue          Conj/Fire      ##...        4%          1    #......


Dungeon Overview and Level Annotations

Branches:
Dungeon (3/27)

Altars:

Annotations
D:3 Terence


Innate Abilities, Weirdness & Mutations

You have a beak for a mouth.
You have claws for feet.


Message History

Casting: Flame Tongue
Confirm with . or Enter, or press ? or * to list all spells.
Aiming: Flame Tongue
Press: ? - help, Shift-Dir - straight line, f/p - Terence
Aim: Terence, wielding a hand axe and wearing a chain mail (moderately wounded)
The flame hits Terence.
Terence is heavily wounded.
Terence closely misses you.
Drink which item? (? for menu, Esc to quit)
You feel better.
It was a potion of curing.
Terence hits you with a hand axe.
Read which item? (? for menu, Esc to quit)
As you read the scroll of teleportation, it crumbles to dust.
You feel strangely unstable. The worm bites you!
* * * LOW HITPOINT WARNING * * *
Terence closely misses you.
Unknown command.
Drink which item? (? for menu, Esc to quit)
You suddenly lose the ability to move!
It was a potion of paralysis.
Terence hits you with a hand axe.
You die...

#######.###########.# #.#.#
#.....%.............# #.#.#
#.#####.............# #.#.#
#.# +.............#####+#'##
#.# .#.......................
#.###.####....................
#...#.# #%####...............
###.#.# #.##.@g.........)....
#...#.####.##@###+#'#...#.#'##
#.###......##w# #.....#.#.#
#...........#.# #.....#.#.#
#...........#.# #....##.#.#
#...........#...#+#....##.#.#
##..........##.........##'#+#.
#...)......+ ................
#....).....+#................
#.....)......................


You could see a worm, Terence and a goblin.

Vanquished Creatures
  3 adders
  A giant mite (D:1)
  2 worms
  A giant gecko (D:1)
  An ooze (D:1)
  4 orcs
  2 ball pythons
  4 giant cockroaches
  9 hobgoblins
  7 jackals
  7 bats
  3 giant newts
  4 goblins
  2 kobolds
  6 rats
56 creatures vanquished.

Notes
Turn   | Place    | Note
--------------------------------------------------------------
     0 | D:1      | Kae, the Tengu Fire Elementalist, began the quest for the Orb.
     0 | D:1      | Reached XP level 1. HP: 10/10 MP: 3/3
   428 | D:1      | Reached XP level 2. HP: 15/15 MP: 3/5
   922 | D:1      | Reached XP level 3. HP: 19/19 MP: 7/7
  1108 | D:2      | Reached skill level 4 in Fire Magic
  1425 | D:2      | Reached XP level 4. HP: 16/24 MP: 9/9
  1958 | D:3      | Noticed Terence
  1991 | D:3      | HP: 1/24 [worm (11)]
  1992 | D:3      | Paralysed by a potion of paralysis for 5 turns
  1992 | D:3      | Slain by Terence

Action                   |  1- 3 |  4- 6 || total
-------------------------+-------+-------++-------
Melee: Unarmed           |     7 |       ||     7
       Dagger            |    70 |    38 ||   108
 Cast: Flame Tongue      |    25 |    29 ||    54
  Use: Scroll            |     1 |     1 ||     2
       Potion            |       |     2 ||     2
 Stab: Sleeping          |     5 |       ||     5
